 Dungeon Crawl Stone Soup version 0.23.2-1-ga50397a (webtiles) character file.

Game seed: 4392731950459766577

2861 xveg the Basher (level 9, -4/75 HPs)
             Began as a Minotaur Berserker on May 15, 2019.
             Was a Priest of Trog.
             Splashed by a brown ugly thing's acid (10 damage)
             ... on level 6 of the Dungeon.
             The game lasted 00:14:23 (6456 turns).

xveg the Basher (Minotaur Berserker)                Turns: 6456, Time: 00:14:28

Health: -4/75      AC:  9    Str: 31    XL:     9   Next: 47%
Magic:  8/8        EV:  6    Int:  4    God:    Trog [***...]
Gold:   248        SH: 17    Dex:  6    Spells: 8/8 levels left

rFire    . . .     SeeInvis .   d - +1 morningstar
rCold    . . .     Gourm    .   j - +0 large shield
rNeg     . . .     Faith    .   p - +1 chain mail
rPois    .         Spirit   .   (helmet restricted)
rElec    .         Reflect  .   r - +0 cloak
rCorr    .         Harm     .   (no gloves)
MR       ++...                  (no boots)
Stlth    ..........             (no amulet)
HPRegen  1.22/turn              l - +5 ring of strength
MPRegen  0.11/turn              x - -3 ring of dexterity (curse)

@: corroded, regenerating
A: retaliatory headbutt, horns 2
a: Berserk, Trog's Hand, Renounce Religion


You were on level 6 of the Dungeon.
You worshipped Trog.
Trog was most pleased with you.
You were not hungry.

You visited 2 branches of the dungeon, and saw 8 of its levels.

You collected 248 gold pieces.

Inventory:

Hand Weapons
 c - a +0 flail of protection
 d - a +1 morningstar (weapon)
 s - a -1 morningstar
Armour
 a - a +0 animal skin
 i - a +0 buckler
 j - a +0 large shield (worn)
 k - a +0 helmet
 o - a +0 scale mail
 p - a +1 chain mail (worn)
 r - a +0 cloak (worn)
Jewellery
 g - a +3 amulet of reflection {unknown}
 l - a +5 ring of strength (left hand)
 q - a +6 ring of intelligence
 u - an uncursed ring of protection from cold
 x - a cursed -3 ring of dexterity (right hand)
Wands
 v - a wand of scattershot (4)
 w - a wand of random effects (12)
 y - a wand of polymorph (11)
Scrolls
 m - 2 scrolls of amnesia
 n - a scroll of magic mapping
 z - a scroll of identify
 B - 2 scrolls of teleportation
Potions
 f - a potion of haste
 h - a potion of cancellation
 t - a potion of agility
Comestibles
 b - 4 rations


   Skills:
 + Level 5.6 Fighting
 * Level 9.2 Maces & Flails
 * Level 8.5 Armour
 + Level 3.7 Dodging
 + Level 0.2 Stealth
 + Level 6.9 Shields
 - Level 4.6 Unarmed Combat


You had 8 spell levels left.
You didn't know any spells.
Your spell library was empty.

Dungeon Overview and Level Annotations

Branches:
Dungeon (7/15)             Temple (1/1) D:5

Altars:
Ashenzari
Elyvilon
Fedhas
Gozag
Hepliaklqana
Kikubaaqudgha
Makhleb
Nemelex Xobeh
Okawaru
Ru
Sif Muna
Trog
Uskayaw
Wu Jian
Xom
Yredelemnul
Zin
The Shining One

Shops:
D:6 (*


Innate Abilities, Weirdness & Mutations

You reflexively headbutt those who attack you in melee.
You have a pair of horns on your head.


Message History

You headbutt the brown ugly thing.
The brown ugly thing is heavily wounded.
The brown ugly thing pecks you!
* * * LOW HITPOINT WARNING * * *
The acid corrodes you!
You are splashed with acid!
* * * LOW HITPOINT WARNING * * *
You feel better.
You block the brown ugly thing's attack.
Your skin crawls.
You feel resistant to hostile enchantments.
You feel somewhat more hungry.
You can no longer call in reinforcements.
The brown ugly thing barely misses you.
Your shield prevents you from hitting the brown ugly thing.
Your headbutt misses the brown ugly thing.
The brown ugly thing is heavily wounded.
The brown ugly thing pecks you!
* * * LOW HITPOINT WARNING * * *
You are splashed with acid!
You die...

#..........##........#.........#.
##...).....#.....................
#.)))#......................#...#
.....#.....##.......##.....###.##
##.^......##........##..##.###.##
#..####.#..##.......##.....##....
............(.......##...........
.......#.....##.......(...#......
#...............@u..<....###...##
#...)...#.....#..#..............#
#.......#......))##.#............
#.......##.[....>##...........#..
#...............##<..........##.#
...............####..........####
#..#.#(...#.....#.............# #
#.######.............##......## #
### ##......................# #


You could see a brown ugly thing.

Vanquished Creatures
  Prince Ribbit (D:6)
  Eustachio (D:4)
  Edmund (D:5)
  2 water moccasins (D:6)
  3 orc warriors
  3 sky beasts
  An ice beast (D:5)
  4 ogres
  2 centaurs
  2 bullfrogs (D:6)
  2 scorpions (D:6)
  A wyvern skeleton (D:6)
  4 wights
  2 howler monkeys (D:6)
  2 hounds
  An orc priest (D:7)
  5 orc wizards
  4 worker ants
  A hound skeleton (D:6)
  8 adders
  An ooze (D:1)
  An adder skeleton (D:5)
  3 worms
  A dart slug (D:4)
  4 leopard geckos
  12 orcs
  3 ball pythons
  2 giant cockroaches
  5 goblins
  3 hobgoblins
  14 jackals
  2 quokkas
  9 bats
  3 frilled lizards
  A jackal skeleton (D:4)
  7 kobolds
  7 rats
128 creatures vanquished.

Notes
Turn   | Place    | Note
-------+----------+-------------------------------------------
     0 | D:1      | xveg the Minotaur Berserker began the quest for the Orb.
     0 | D:1      | Reached XP level 1. HP: 19/19 MP: 0/0
   536 | D:1      | Reached XP level 2. HP: 20/27 MP: 1/1
   853 | D:2      | Found an opulent altar of Gozag.
   866 | D:2      | Reached XP level 3. HP: 30/33 MP: 2/2
  1033 | D:2      | Reached ** piety under Trog
  1705 | D:3      | Reached XP level 4. HP: 33/41 MP: 3/3
  1730 | D:3      | Reached skill level 1 in Shields
  2718 | D:4      | Found a deep blue altar of Sif Muna.
  2773 | D:4      | Reached skill level 1 in Maces & Flails
  2773 | D:4      | Reached XP level 5. HP: 39/47 MP: 4/4
  2997 | D:4      | Noticed Eustachio
  3048 | D:4      | HP: 1/47 [iron imp[Eustachio] (8)]
  3057 | D:4      | Killed Eustachio
  3057 | D:4      | Reached skill level 3 in Maces & Flails
  3057 | D:4      | Reached XP level 6. HP: 17/53 MP: 5/5
  3316 | D:5      | Entered Level 5 of the Dungeon
  3323 | D:5      | Found a staircase to the Ecumenical Temple.
  3355 | D:5      | Reached XP level 7. HP: 31/60 MP: 6/6
  3483 | D:5      | Reached skill level 4 in Maces & Flails
  3499 | D:5      | Reached *** piety under Trog
  3565 | D:5      | Reached skill level 5 in Armour
  3801 | D:5      | Reached skill level 5 in Fighting
  3815 | Temple   | Entered the Ecumenical Temple
  4116 | D:6      | Noticed Edmund
  4127 | D:5      | Reached skill level 5 in Maces & Flails
  4358 | D:5      | Reached skill level 5 in Shields
  4358 | D:5      | Reached XP level 8. HP: 34/68 MP: 7/7
  4915 | D:5      | Killed Edmund
  5233 | D:6      | Reached skill level 6 in Maces & Flails
  5322 | D:6      | Reached skill level 7 in Maces & Flails
  5435 | D:6      | Noticed Prince Ribbit
  5638 | D:6      | Found Gadal's Antique Weapon Shoppe.
  5644 | D:6      | Reached XP level 9. HP: 74/74 MP: 8/8
  5682 | D:6      | Killed Prince Ribbit
  5682 | D:6      | Reached skill level 8 in Maces & Flails
  6107 | D:6      | Found Zanasch's Serpentskin Sales.
  6234 | D:7      | Reached skill level 9 in Maces & Flails
  6248 | D:6      | Reached **** piety under Trog
  6433 | D:6      | Noticed a brown ugly thing
  6453 | D:6      | HP: 2/75 [acid (12)]
  6456 | D:6      | Splashed by a brown ugly thing's acid

Skill      XL: |  1  2  3  4  5  6  7  8  9 |
---------------+----------------------------+-----
Fighting       | 4 5 |  5.6
Unarmed Combat | 4 |  4.6
Shields        | 1 3 5 6 |  6.9
Maces & Flails | 1 3 5 7 9 |  9.2
Armour         | 3 4 6 7 8 |  8.5
Dodging        | 3 |  3.7
Stealth        | |  0.2

Action                   |  1- 3 |  4- 6 |  7- 9 || total
-------------------------+-------+-------+-------++-------
Melee: Unarmed           |   123 |       |       ||   123
       Headbutt          |    21 |    18 |    45 ||    84
       Morningstar       |       |   150 |   215 ||   365
Invok: Berserk           |       |     1 |     4 ||     5
       Trog's Hand       |       |     1 |     2 ||     3
  Use: Scroll            |     4 |     3 |     5 ||    12
       Potion            |       |     6 |     5 ||    11
  Eat: Ration            |     1 |     2 |     3 ||     6
       Chunk             |       |     3 |     1 ||     4
Armor: Animal skin       |    16 |       |       ||    16
       Scale mail        |    13 |    18 |       ||    31
       Chain mail        |       |    77 |   113 ||   190
Dodge: Dodged            |    50 |    27 |    52 ||   129
Block: Large shield      |    70 |   157 |   230 ||   457
